 Dungeon Crawl Stone Soup version 0.18-a0-965-g9200175 (webtiles) character file.

134 root the Firebug (level 4, -1/33 HPs)
             Began as a Draconian Fire Elementalist on Jan 1, 2016.
             Was a Believer of Cheibriados.
             Slain by a scorpion (4 damage)
             ... on level 4 of the Dungeon.
             The game lasted 00:11:42 (2394 turns).

root the Firebug (Draconian Fire Elementalist)      Turns: 2394, Time: 00:11:42

Health: -1/33      AC:  5    Str: 14    XL:     4   Next: 95%
Magic:  0/8        EV: 12    Int: 21    God:    Cheibriados [**....]
Gold:   177        SH:  0    Dex: 15    Spells: 2 memorised, 5 levels left

rFire  . . .     SeeInvis .     (no weapon)
rCold  . . .     Gourm    +     (armour unavailable)
rNeg   . . .     Faith    .     (no shield)
rPois  .         Spirit   .     (helmet restricted)
rElec  .         Dismiss  .     (no cloak)
rCorr  .         Reflect  .     (no gloves)
SustAt .         Harm     .     (no boots)
MR     .....                    i - amulet of the gourmand
Stlth  ++........               (no ring)
                                (no ring)

@: lethally poisoned (-1 -> -11), very slow, not resistant to hostile
enchantments, unstealthy
A: unfitting armour, cold-blooded, AC +5
a: Bend Time, Renounce Religion


You were on level 4 of the Dungeon.
You worshipped Cheibriados.
Cheibriados was pleased with you.
You were completely stuffed.

You visited 1 branch of the dungeon, and saw 4 of its levels.

You collected 177 gold pieces.

Inventory:

Jewellery
 i - an amulet of the gourmand (around neck)
 n - an uncursed amulet of dismissal {unknown}
Scrolls
 c - 5 scrolls of identify {unknown}
 g - a scroll of fog {unknown}
 h - a scroll of remove curse {unknown}
 l - a scroll of noise {unknown}
Potions
 e - 3 potions of curing {unknown}
 j - a potion of poison {unknown}
 m - a potion of resistance {unknown}
 o - a potion of flight {unknown}
Books
 a - a book of Flames

   Spells                             Type                      Level
   a - Flame Tongue                   Conjuration/Fire             1
   b - Throw Flame                    Conjuration/Fire             2
   c - Conjure Flame                  Conjuration/Fire             3
   d - Inner Flame                    Hexes/Fire                   3
   e - Sticky Flame                   Conjuration/Fire             4
   f - Fireball                       Conjuration/Fire             5
Comestibles
 b - 2 bread rations
 d - 3 meat rations
 f - 3 fruits
 k - 2 chunks of flesh


   Skills:
 + Level 0.2 Fighting
 + Level 2.1 Dodging
 + Level 2.3 Stealth
 + Level 3.1 Spellcasting
 + Level 1.5 Conjurations
 + Level 4.2 Fire Magic


You had 5 spell levels left.
You knew the following spells:

 Your Spells              Type           Power        Failure   Level  Hunger
a - Flame Tongue          Conj/Fire      ###..        4%          1    None
b - Conjure Flame         Conj/Fire      ###.....     14%         3    ###....


Dungeon Overview and Level Annotations

Branches:
Dungeon (3/15)

Altars:
Cheibriados

Annotations:
D:4 Grinder


Innate Abilities, Weirdness & Mutations

Your plain brown scales are hard (AC +5).
Your body does not fit into most forms of armour.
You are cold-blooded and may be slowed by cold attacks.


Message History

The scorpion stings you but does no damage.
You hit the scorpion but do no damage.
The scorpion is almost dead.
The scorpion barely misses you.
You barely miss the scorpion.
The scorpion is almost dead.
You feel sick.
The scorpion stings you but does no damage.
Some of the chunks of flesh in your inventory have rotted away.
You barely miss the scorpion.
The scorpion is almost dead.
The scorpion stings you.
* * * LOW HITPOINT WARNING * * *
You are lethally poisoned!
The scorpion poisons you!
You barely miss the scorpion.
The scorpion is almost dead.
* * * LOW HITPOINT WARNING * * *
You feel sick. The scorpion stings you.
You die...

#. #........#
#.##.###..#.##
#.....(......#
###....######.#
#.#.......##.#
#.##...##?# #.#
#.###...# #.#
########s#
#...# ..
.......@.#
#...#
##########
#.... #...


You could see a scorpion.

Vanquished Creatures
  Jessica (D:2)
  5 adders
  An ooze (D:1)
  2 worms (D:2)
  4 giant geckos (D:2)
  9 bats
  4 giant cockroaches
  6 goblins
  7 hobgoblins
  A giant newt (D:1)
  8 kobolds
  A rat (D:1)
49 creatures vanquished.

Notes
Turn   | Place    | Note
--------------------------------------------------------------
     0 | D:1      | root the Draconian Fire Elementalist began the quest for the Orb.
     0 | D:1      | Reached XP level 1. HP: 14/14 MP: 3/3
   260 | D:1      | Reached XP level 2. HP: 17/20 MP: 1/5
  1029 | D:2      | Reached XP level 3. HP: 20/26 MP: 1/6
  1245 | D:2      | Found a faded altar to an unknown god.
  1289 | D:2      | Became a worshipper of Cheibriados the Contemplative
  1289 | D:2      | Reached * piety under Cheibriados
  1604 | D:2      | Reached XP level 4. HP: 33/33 MP: 4/8
  1761 | D:2      | Learned a level 3 spell: Conjure Flame
  1852 | D:2      | Reached skill level 4 in Fire Magic
  1978 | D:2      | Noticed Jessica
  1981 | D:2      | Killed Jessica
  2179 | D:3      | Reached ** piety under Cheibriados
  2346 | D:3      | You fall through a shaft!
  2354 | D:4      | Noticed Grinder
  2394 | D:4      | Slain by a scorpion

Vault maps used:
D:1:      nagdon_arrival_double_spiral
D:2:      ecumenical_altar_2, uniq_jessica
D:3:      lemuel_crystal_altar, minmay_misc_feat_diagonals
D:4:      minmay_temple_entry_mist, minmay_cut_off, uniq_sigmund,
          uniq_crazy_yiuf_cottage, uniq_grinder, uniq_duvessa

Action                   |  1- 3 |  4- 6 || total
-------------------------+-------+-------++-------
Melee: Unarmed           |       |     7 ||     7
 Cast: Flame Tongue      |    66 |    49 ||   115
  Eat: Chunk             |     9 |     5 ||    14
